General information
- name: BNet
- type: Ladder team game (AT/RT)
- host: Battle.net
- saver: GayInTularesCal
map: GolemsInTheMist
- players: 8
- length: 31:30
- speed: Fast
- version: 1.28 W3XP
- replay type: Public
» download(403 KB)
Players
team 1 (winner)

»
fumbler (
teal | 71 APM | 2227 actions | 31:30)
5 Death Knight
3 Death Coil
2 Unholy Aura
5 Lich
3 Frost Nova
2 Dark Ritual
» actions
| Assign group hotkey | 56 | |
| Basic commands | 14 | |
| Build / train | 100 | |
| ESC pressed | 4 | |
| Enter build submenu | 37 | |
| Enter hero's abilities submenu | 10 | |
| Give item / drop item | 1 | |
| Right click | 1145 | |
| Select / deselect | 604 | |
| Select group hotkey | 109 | |
| Use ability | 147 | |
2227 total
» units
| Acolyte | 15 | |
| Ghoul | 19 | |
| Crypt Fiend | 14 | |
| Obsidian Statue | 5 | |
| Meatwagon | 1 | |
| Abomination | 3 | |
| Frost Wyrm | 8 | |
| Goblin Zeppelin | 1 | |
66 total
» upgrades
| Cannibalize | 1 | |
| Unholy Armor | 1 | |
| Unholy Strength | 1 | |
| Creature Attack | 2 | |
| Destroyer Form | 1 | |
| Disease Cloud | 1 | |
| Freezing Breath | 1 | |
| Ghoul Frenzy | 1 | |
9 total
» buildings
| Crypt | 2 | |
| Altar of Darkness | 3 | |
| Ziggurat | 16 | |
| Tomb of Relics | 1 | |
| Graveyard | 1 | |
| Halls of the Dead | 1 | |
| Spirit Tower | 1 | |
| Slaughterhouse | 1 | |
| Black Citadel | 1 | |
| Necropolis | 2 | |
| Nerubian Tower | 2 | |
| Sacrificial Pit | 1 | |
| Boneyard | 1 | |
33 total
» build order
00:23 Crypt
00:26 Altar of Darkness
00:37 Ziggurat
00:57 Tomb of Relics
01:14 Graveyard
02:12 Ziggurat
04:04 Halls of the Dead
04:24 Ziggurat
07:26 Spirit Tower
07:47 Slaughterhouse
08:09 Ziggurat
12:05 Black Citadel
12:47 Necropolis
13:19 Nerubian Tower
13:55 Sacrificial Pit
15:49 Boneyard
17:34 Ziggurat
19:19 Ziggurat
23:27 Ziggurat
24:18 Crypt
24:20 Ziggurat
24:25 Necropolis
25:27 Ziggurat
25:29 Nerubian Tower
27:22 Ziggurat
27:23 Altar of Darkness
27:25 Ziggurat
30:00 Altar of Darkness
30:02 Ziggurat
30:04 Ziggurat
30:05 Ziggurat
30:07 Ziggurat
30:08 Ziggurat
» items
| Rod of Necromancy | 1 | |
| Scroll of Town Portal | 1 | |
| Potion of Healing | 3 | |
| Sacrificial Skull | 1 | |
| Orb of Corruption | 1 | |
| Scroll of Healing | 1 | |
8 total

»
360 (
purple | 142 APM | 4475 actions | 31:30)
7 Crypt Lord
3 Carrion Beetles
2 Spiked Carapace
1 Impale
1 Locust Swarm
6 Death Knight
3 Death Coil
1 Unholy Aura
1 Death Pact
1 Animate Dead
» actions
| Assign group hotkey | 72 | |
| Basic commands | 191 | |
| Build / train | 181 | |
| Enter build submenu | 21 | |
| Enter hero's abilities submenu | 13 | |
| Give item / drop item | 1 | |
| Right click | 1295 | |
| Select / deselect | 1061 | |
| Select group hotkey | 1472 | |
| Use ability | 168 | |
4475 total
» units
| Acolyte | 8 | |
| Ghoul | 11 | |
| Crypt Fiend | 10 | |
| Obsidian Statue | 4 | |
| Meatwagon | 9 | |
| Necromancer | 18 | |
| Abomination | 8 | |
| Gargoyle | 3 | |
71 total
» upgrades
| Unholy Strength | 1 | |
| Burrow | 1 | |
| Exhume Corpses | 1 | |
| Web | 1 | |
| Necromancer Training | 2 | |
| Skeletal Longevity | 1 | |
| Creature Carapace | 1 | |
| Skeletal Mastery | 1 | |
| Disease Cloud | 1 | |
| Unholy Armor | 1 | |
| Creature Attack | 2 | |
13 total
» buildings
| Crypt | 1 | |
| Altar of Darkness | 1 | |
| Ziggurat | 8 | |
| Tomb of Relics | 2 | |
| Nerubian Tower | 3 | |
| Graveyard | 1 | |
| Halls of the Dead | 3 | |
| Necropolis | 1 | |
| Slaughterhouse | 2 | |
| Spirit Tower | 8 | |
| Temple of the Damned | 1 | |
| Black Citadel | 2 | |
33 total
» build order
00:52 Crypt
00:57 Altar of Darkness
00:59 Ziggurat
01:03 Tomb of Relics
01:58 Nerubian Tower
01:58 Nerubian Tower
02:40 Ziggurat
02:55 Graveyard
04:39 Halls of the Dead
04:39 Halls of the Dead
04:40 Halls of the Dead
05:27 Necropolis
05:39 Ziggurat
07:01 Ziggurat
07:15 Slaughterhouse
07:35 Ziggurat
08:11 Spirit Tower
08:11 Spirit Tower
08:11 Spirit Tower
08:30 Spirit Tower
08:31 Spirit Tower
08:31 Spirit Tower
08:46 Slaughterhouse
09:40 Temple of the Damned
12:22 Tomb of Relics
14:23 Black Citadel
14:23 Black Citadel
15:20 Ziggurat
18:58 Ziggurat
27:45 Ziggurat
» items
| Rod of Necromancy | 6 | |
| Dust of Appearance | 1 | |
| Scroll of Town Portal | 7 | |
| Potion of Healing | 2 | |
| Sacrificial Skull | 1 | |
17 total
KOREA-PLAN (
yellow | 59 APM | 1874 actions | 31:30)
6 Blood Mage
3 Flame Strike
2 Siphon Mana
1 Summon Phoenix
» actions
| Assign group hotkey | 7 | |
| Basic commands | 16 | |
| Build / train | 49 | |
| ESC pressed | 8 | |
| Enter build submenu | 17 | |
| Enter hero's abilities submenu | 6 | |
| Right click | 1301 | |
| Select / deselect | 299 | |
| Select group hotkey | 87 | |
| Use ability | 84 | |
1874 total
» units
» buildings
| Altar of Kings | 1 | |
| Farm | 3 | |
| Arcane Vault | 1 | |
| Scout Tower | 7 | |
| Arcane Tower | 5 | |
| Keep | 2 | |
| Lumber Mill | 1 | |
| Guard Tower | 3 | |
| Blacksmith | 1 | |
24 total
» build order
00:09 Altar of Kings
00:23 Farm
00:38 Farm
00:50 Arcane Vault
01:10 Farm
02:43 Scout Tower
02:45 Scout Tower
03:03 Arcane Tower
03:13 Arcane Tower
03:15 Scout Tower
03:26 Scout Tower
03:49 Scout Tower
03:55 Scout Tower
04:02 Arcane Tower
04:02 Arcane Tower
04:04 Arcane Tower
04:27 Keep
04:27 Keep
04:42 Lumber Mill
05:04 Guard Tower
05:04 Guard Tower
05:05 Scout Tower
05:10 Blacksmith
05:33 Guard Tower
» items
| Scroll of Regeneration | 1 | |
| Lesser Clarity Potion | 1 | |
| Scroll of Town Portal | 2 | |
| Potion of Healing | 1 | |
5 total

»
darksideofhemp (
red | 70 APM | 2215 actions | 31:30)
9 Keeper of the Grove
2 Force of Nature
3 Thorns Aura
3 Entangling Roots
1 Tranquility
» actions
| Assign group hotkey | 23 | |
| Basic commands | 214 | |
| Build / train | 86 | |
| Enter build submenu | 22 | |
| Enter hero's abilities submenu | 9 | |
| Remove unit from queue | 2 | |
| Right click | 1183 | |
| Select / deselect | 478 | |
| Select group hotkey | 121 | |
| Use ability | 77 | |
2215 total
» units
| Wisp | 24 | |
| Huntress | 9 | |
| Glaive Thrower | 3 | |
| Dryad | 5 | |
| Druid of the Claw | 2 | |
| Chimaera | 5 | |
48 total
» upgrades
| Moon Armor | 1 | |
| Strength of the Moon | 1 | |
| Strength of the Wild | 3 | |
| Vorpal Blades | 1 | |
| Upgrade Moon Glaive | 1 | |
| Druid of the Claw Training | 2 | |
| Reinforced Hides | 3 | |
| Abolish Magic | 1 | |
| Mark of the Claw | 1 | |
| Corrosive Breath | 1 | |
| Nature's Blessing | 1 | |
16 total
» buildings
| Moon Well | 7 | |
| Altar of Elders | 1 | |
| Ancient of War | 2 | |
| Hunter's Hall | 1 | |
| Tree of Ages | 1 | |
| Tree of Life | 1 | |
| Tree of Eternity | 1 | |
| Ancient of Wonders | 1 | |
| Ancient Protector | 1 | |
| Ancient of Lore | 2 | |
| Ancient of Wind | 1 | |
| Chimaera Roost | 4 | |
23 total
» build order
00:22 Moon Well
00:25 Altar of Elders
01:36 Ancient of War
01:45 Moon Well
02:26 Hunter's Hall
03:06 Tree of Ages
03:41 Ancient of War
04:33 Moon Well
04:51 Tree of Life
08:08 Tree of Eternity
08:26 Ancient of Wonders
08:35 Ancient Protector
08:52 Ancient of Lore
08:58 Ancient of Lore
12:30 Moon Well
12:34 Moon Well
17:39 Moon Well
17:41 Moon Well
19:25 Ancient of Wind
20:39 Chimaera Roost
20:41 Chimaera Roost
20:43 Chimaera Roost
20:46 Chimaera Roost
» items
| Lesser Clarity Potion | 1 | |
| Scroll of Town Portal | 2 | |
| Anti-magic Potion | 3 | |
| Potion of Healing | 1 | |
| Orb of Venom | 1 | |
8 total
team 2 (loser)

»
blehhh (
pink | 63 APM | 1975 actions | 31:16)
4 Archmage
2 Summon Water Elemental
2 Brilliance Aura
3 Paladin
2 Holy Light
1 Devotion Aura
» actions
| Assign group hotkey | 45 | |
| Basic commands | 82 | |
| Build / train | 84 | |
| Enter build submenu | 26 | |
| Enter hero's abilities submenu | 7 | |
| Remove unit from queue | 12 | |
| Right click | 821 | |
| Select / deselect | 377 | |
| Select group hotkey | 430 | |
| Use ability | 91 | |
1975 total
» units
| Peasant | 29 | |
| Footman | 7 | |
| Gryphon Rider | 3 | |
| Goblin Zeppelin | 2 | |
| Mortar Team | 5 | |
| Goblin Shredder | 1 | |
| Dragonhawk Rider | 2 | |
| Siege Engine | 2 | |
51 total
» upgrades
| Defend | 1 | |
| Storm Hammers | 1 | |
| Fragmentation Shards | 1 | |
| Cloud | 1 | |
| Barrage | 1 | |
5 total
» buildings
| Altar of Kings | 1 | |
| Farm | 12 | |
| Barracks | 1 | |
| Arcane Vault | 1 | |
| Keep | 1 | |
| Lumber Mill | 1 | |
| Blacksmith | 1 | |
| Castle | 1 | |
| Gryphon Aviary | 3 | |
| Town Hall | 2 | |
| Workshop | 3 | |
27 total
» build order
00:11 Altar of Kings
00:13 Farm
00:14 Farm
00:52 Farm
00:54 Barracks
01:31 Farm
01:33 Farm
01:53 Arcane Vault
02:21 Farm
02:23 Farm
03:45 Keep
04:10 Lumber Mill
04:49 Blacksmith
06:39 Castle
07:33 Gryphon Aviary
07:34 Gryphon Aviary
07:39 Gryphon Aviary
09:40 Farm
09:40 Farm
09:41 Farm
11:39 Farm
11:41 Farm
15:03 Town Hall
17:08 Workshop
17:09 Workshop
17:09 Workshop
28:38 Town Hall
» items
| Scroll of Regeneration | 3 | |
| Lesser Clarity Potion | 1 | |
| Potion of Healing | 1 | |
5 total

»
Cumaster (
green | 68 APM | 2115 actions | 31:06)
5 Keeper of the Grove
3 Entangling Roots
1 Thorns Aura
1 Force of Nature
4 Priestess of the Moon
2 Trueshot Aura
2 Searing Arrows
» actions
| Assign group hotkey | 81 | |
| Basic commands | 98 | |
| Build / train | 109 | |
| Enter build submenu | 38 | |
| Enter hero's abilities submenu | 9 | |
| Give item / drop item | 1 | |
| Remove unit from queue | 1 | |
| Right click | 739 | |
| Select / deselect | 474 | |
| Select group hotkey | 428 | |
| Use ability | 137 | |
2115 total
» units
| Wisp | 36 | |
| Huntress | 6 | |
| Archer | 6 | |
| Dryad | 5 | |
| Druid of the Claw | 1 | |
| Chimaera | 9 | |
| Hippogryph | 5 | |
68 total
» upgrades
| Sentinel | 1 | |
| Improved Bows | 1 | |
| Ultravision | 1 | |
| Nature's Blessing | 1 | |
| Abolish Magic | 1 | |
| Marksmanship | 1 | |
| Druid of the Claw Training | 2 | |
| Corrosive Breath | 1 | |
| Mark of the Claw | 1 | |
10 total
» buildings
| Moon Well | 6 | |
| Altar of Elders | 1 | |
| Ancient of Wonders | 3 | |
| Ancient of War | 2 | |
| Hunter's Hall | 1 | |
| Tree of Ages | 2 | |
| Ancient Protector | 11 | |
| Tree of Life | 2 | |
| Ancient of Lore | 2 | |
| Ancient of Wind | 1 | |
| Tree of Eternity | 1 | |
| Chimaera Roost | 6 | |
38 total
» build order
00:10 Moon Well
00:21 Altar of Elders
00:49 Ancient of Wonders
01:20 Ancient of War
01:50 Moon Well
02:19 Hunter's Hall
03:51 Moon Well
03:55 Ancient of War
05:47 Tree of Ages
06:30 Ancient Protector
07:19 Moon Well
09:03 Tree of Life
09:11 Ancient of Wonders
09:20 Ancient Protector
12:25 Ancient Protector
12:43 Ancient of Lore
13:36 Ancient of Lore
13:39 Ancient of Wonders
13:42 Ancient Protector
13:49 Ancient Protector
13:54 Ancient of Wind
13:56 Tree of Eternity
14:43 Ancient Protector
17:22 Moon Well
18:30 Chimaera Roost
18:32 Chimaera Roost
18:38 Chimaera Roost
18:44 Chimaera Roost
19:14 Chimaera Roost
19:41 Chimaera Roost
19:48 Ancient Protector
19:51 Ancient Protector
19:54 Ancient Protector
20:42 Moon Well
22:05 Ancient Protector
22:11 Ancient Protector
28:57 Tree of Ages
29:08 Tree of Life
» items
| Lesser Clarity Potion | 8 | |
| Healing Salve | 1 | |
| Scroll of Speed | 1 | |
| Scroll of Town Portal | 2 | |
| Potion of Healing | 3 | |
| Scroll of Regeneration | 2 | |
17 total
thierryhenry (
orange | 134 APM | 4191 actions | 31:13)
5 Blademaster
2 Wind Walk
3 Critical Strike
2 Shadow Hunter
1 Hex
1 Healing Wave
» actions
| Assign group hotkey | 57 | |
| Basic commands | 271 | |
| Build / train | 100 | |
| ESC pressed | 4 | |
| Enter build submenu | 45 | |
| Enter hero's abilities submenu | 7 | |
| Give item / drop item | 3 | |
| Right click | 1627 | |
| Select / deselect | 510 | |
| Select group hotkey | 1362 | |
| Use ability | 205 | |
4191 total
» units
| Peon | 15 | |
| Grunt | 9 | |
| Demolisher | 4 | |
| Raider | 10 | |
| Spirit Walker | 3 | |
| Goblin Shredder | 3 | |
| Kodo Beast | 2 | |
| Troll Witch Doctor | 4 | |
| Tauren | 3 | |
53 total
» upgrades
| Pillage | 1 | |
| Spiked Barricades | 1 | |
| Melee Weapons | 1 | |
| Backpack | 1 | |
| Ensnare | 1 | |
| Spirit Walker Training | 1 | |
| Witch Doctor Training | 2 | |
| Armor | 2 | |
| Reinforced Defenses | 1 | |
11 total
» buildings
| Altar of Storms | 1 | |
| Orc Burrow | 6 | |
| Barracks | 1 | |
| Voodoo Lounge | 3 | |
| War Mill | 2 | |
| Watch Tower | 10 | |
| Great Hall | 3 | |
| Stronghold | 1 | |
| Beastiary | 5 | |
| Spirit Lodge | 3 | |
| Fortress | 1 | |
| Tauren Totem | 2 | |
38 total
» build order
00:07 Altar of Storms
00:17 Orc Burrow
00:37 Barracks
01:24 Orc Burrow
01:38 Voodoo Lounge
02:58 Orc Burrow
03:45 War Mill
06:13 Voodoo Lounge
06:16 Watch Tower
06:16 Watch Tower
06:32 Watch Tower
06:59 Orc Burrow
07:12 Watch Tower
08:22 Great Hall
08:27 Watch Tower
08:30 Watch Tower
08:31 Watch Tower
08:38 Watch Tower
08:43 War Mill
08:56 Voodoo Lounge
09:48 Great Hall
09:52 Watch Tower
09:53 Watch Tower
10:23 Stronghold
12:01 Orc Burrow
12:48 Beastiary
12:52 Spirit Lodge
13:46 Fortress
16:53 Orc Burrow
18:56 Tauren Totem
21:30 Spirit Lodge
22:31 Great Hall
26:25 Tauren Totem
26:57 Beastiary
27:00 Spirit Lodge
28:07 Beastiary
28:45 Beastiary
28:45 Beastiary
» items
| Healing Salve | 5 | |
| Scroll of Speed | 2 | |
| Scroll of Town Portal | 6 | |
| Potion of Healing | 4 | |
| Orb of Lightning | 1 | |
| Lesser Clarity Potion | 2 | |
20 total
GayInTularesCal (
blue | 92 APM | 2895 actions | 31:30)
6 Archmage
3 Summon Water Elemental
2 Brilliance Aura
1 Mass Teleport
» actions
| Assign group hotkey | 36 | |
| Basic commands | 171 | |
| Build / train | 74 | |
| Enter build submenu | 27 | |
| Enter hero's abilities submenu | 6 | |
| Give item / drop item | 3 | |
| Remove unit from queue | 2 | |
| Right click | 1460 | |
| Select / deselect | 501 | |
| Select group hotkey | 522 | |
| Use ability | 93 | |
2895 total
» units
| Peasant | 24 | |
| Footman | 12 | |
| Rifleman | 1 | |
| Goblin Shredder | 1 | |
| Priest | 4 | |
42 total
» upgrades
| Defend | 1 | |
| Masonry | 3 | |
| Lumber Harvesting | 1 | |
| Priest Training | 2 | |
| Magic Sentry | 1 | |
8 total
» buildings
| Altar of Kings | 2 | |
| Barracks | 2 | |
| Farm | 6 | |
| Scout Tower | 11 | |
| Arcane Tower | 2 | |
| Keep | 1 | |
| Lumber Mill | 1 | |
| Guard Tower | 6 | |
| Blacksmith | 1 | |
| Arcane Vault | 3 | |
| Arcane Sanctum | 2 | |
| Castle | 1 | |
38 total
» build order
01:03 Altar of Kings
01:06 Barracks
01:09 Barracks
01:11 Farm
01:18 Farm
01:48 Farm
02:09 Scout Tower
02:52 Farm
03:22 Farm
04:51 Arcane Tower
06:27 Keep
06:56 Lumber Mill
07:00 Scout Tower
07:01 Scout Tower
07:02 Scout Tower
07:56 Guard Tower
08:46 Blacksmith
08:48 Arcane Tower
12:38 Arcane Vault
12:54 Farm
15:03 Scout Tower
15:03 Scout Tower
15:03 Scout Tower
15:05 Scout Tower
15:05 Scout Tower
15:05 Scout Tower
15:08 Scout Tower
15:38 Guard Tower
16:04 Guard Tower
16:04 Guard Tower
16:04 Guard Tower
16:22 Guard Tower
17:27 Arcane Sanctum
17:28 Arcane Sanctum
17:57 Altar of Kings
19:06 Castle
23:21 Arcane Vault
23:24 Arcane Vault
» items
| Scroll of Town Portal | 3 | |
| Staff of Sanctuary | 1 | |
| Potion of Healing | 1 | |
5 total
Chat log
(00:15 / Allies) GayInTularesCal: let's rush mass tier 1?
(00:27 / Allies) thierryhenry: if no1 techs
(00:27 / Allies) thierryhenry: im in
(00:32 / Allies) blehhh: fine with it
(00:34 / Allies) Cumaster: k
(00:34 / Allies) GayInTularesCal: alright guys let's mass tier1
(00:37 / Allies) blehhh: watch out for tower rush
(01:19 / Allies) thierryhenry: ill bring peons for tower rush when we hit
(01:42 / Allies) Cumaster: im going for hero haraqss
(01:50 / Allies) thierryhenry: kotg?
(01:55 / Allies) Cumaster: yea
(01:59 / Allies) thierryhenry: il come
(02:36 / Allies) Cumaster: skip hu if tower
(03:35 / Allies) blehhh: lets b
(03:37 / Allies) GayInTularesCal: I meant to mass
(03:40 / Allies) blehhh: huge setback
(03:45 / Allies) GayInTularesCal: I meant like 40 food
(03:52 / Allies) blehhh: we just hero harassed
(03:58 / Allies) thierryhenry: yea
(03:59 / Allies) blehhh: we should go back asap
(04:01 / Allies) thierryhenry: and human is try gh
(04:36 / Allies) thierryhenry: iam get the farms
(04:41 / Allies) thierryhenry: pillage
(04:54 / Allies) thierryhenry: keep mass
(05:10 / Allies) blehhh: i have defend for towers
(05:29 / Allies) GayInTularesCal: hurry
(05:30 / Allies) GayInTularesCal: kill towers
(05:31 / Allies) GayInTularesCal: while they make
(07:44 / Allies) thierryhenry: i tp
(07:45 / Allies) thierryhenry: stay
(07:55 / Allies) Cumaster: ty for shop
(08:33 / Allies) GayInTularesCal: tower
(09:17 / Allies) GayInTularesCal: I'll go rifle
(09:26 / Allies) GayInTularesCal: cancel
(10:06 / Allies) thierryhenry: wodo pls
(10:07 / Allies) thierryhenry: i hgave no tp
(10:14 / Allies) GayInTularesCal: someone with a tp wanna help?
(10:16 / Allies) Cumaster: should i tp?
(10:16 / Allies) thierryhenry: stay bottom
(10:19 / Allies) blehhh: expo here
(10:19 / Allies) thierryhenry: no
(10:22 / Allies) thierryhenry: ghe has tower
(10:30 / Allies) thierryhenry: repair dude
(11:12 / Allies) GayInTularesCal: gold
(12:45 / Allies) GayInTularesCal: gold?
(13:31 / Allies) blehhh: help
(13:38 / Allies) GayInTularesCal: tp green
(13:49 / Allies) GayInTularesCal: tp green
(13:50 / Allies) thierryhenry: go
(13:54 / Allies) thierryhenry: cumaster go
(14:05 / Allies) GayInTularesCal: dude green come on
(14:05 / Allies) blehhh: WTFFFFF
(15:38 / Allies) blehhh: dont counter
(15:46 / Allies) blehhh: get back
(15:50 / Allies) GayInTularesCal: blood mage
(15:51 / Allies) GayInTularesCal: coming
(15:52 / Allies) GayInTularesCal: pink
(16:35 / Allies) Cumaster: wood pls
(17:32 / Allies) GayInTularesCal: I'll get priest
(19:19 / Allies) blehhh: going morts
(19:25 / Allies) blehhh: and dhawks
(19:29 / Allies) blehhh: wood?
(19:41 / Allies) GayInTularesCal: hit that orange
(20:00 / Allies) GayInTularesCal: orange hit hteire xpos
(20:34 / Allies) blehhh: get b
(20:39 / Allies) GayInTularesCal: orange hit their expos man
(20:57 / Allies) GayInTularesCal: pally heal me
(21:05 / Allies) GayInTularesCal: heal me
(21:36 / Allies) blehhh: npoooo
(21:44 / Allies) blehhh: stop letting them split us
(21:57 / Allies) GayInTularesCal: sigh fucking sigh
(21:57 / Allies) GayInTularesCal: man
(22:00 / Allies) GayInTularesCal: two expos unmolested
(23:36 / Allies) blehhh: this fucking blood mage dude
(23:53 / Allies) thierryhenry: back
(23:54 / Allies) blehhh: stop fucking hitting
(23:58 / Allies) blehhh: where they have 1000 towers
(24:01 / Allies) GayInTularesCal: hit teals
(24:02 / Allies) thierryhenry: igot his mian
(24:07 / Allies) GayInTularesCal: back
(24:08 / Allies) GayInTularesCal: bakc
(24:12 / Allies) GayInTularesCal: bakc
(24:16 / Allies) blehhh: GET BACK
(24:46 / Allies) GayInTularesCal: that would die in like 5 secons
(24:57 / Allies) GayInTularesCal: unfortunately they hit me so I couldn't build
(25:06 / Allies) Cumaster: dude
(25:41 / 4) GayInTularesCal: orange is a pigheaded idiot man jesus christ lol
(25:51 / 4) GayInTularesCal: told that fucking moron to hit teal expo 50 times
(26:03 / Allies) blehhh: but dont worry
(26:11 / Allies) blehhh: he got a main at an empty gold mine
(27:05 / 4) GayInTularesCal: hit teal with ur tansk
(27:33 / Allies) GayInTularesCal: run green
(27:40 / Allies) blehhh: cant even fucking get out of here
(27:50 / 4) GayInTularesCal: god we had this fucking
(27:51 / 4) GayInTularesCal: game
(28:54 / Allies) GayInTularesCal: 50 gold
(29:09 / Allies) GayInTularesCal: it's over
(29:15 / Allies) blehhh: fckin pathetic
(29:30 / Allies) GayInTularesCal: I asked many times to kill that expos
(29:31 / Allies) Cumaster: one of ur human struggled to upgrade units
(29:52 / Allies) GayInTularesCal: bonehead decisions
(30:12 / Allies) thierryhenry: who wnats my gold
(30:28 / Allies) blehhh: they all massed air and not one of u switched to aa
(30:36 / Allies) thierryhenry: tanks
(30:50 / Allies) GayInTularesCal: do you agree that was dumb decision
(30:54 / Allies) GayInTularesCal: to keep back and forth hitting him?
(31:01 / Allies) GayInTularesCal: when he had an easy expo to kill?
(31:03 / All) Cumaster: gg
(31:03 / Allies) blehhh: from oj u mean?
(31:05 / Allies) blehhh: of course
(31:06 / Allies) GayInTularesCal: yes
(31:07 / Allies) GayInTularesCal: god man
(31:10 / Allies) blehhh: he was feeding the ud the whole game
(31:10 / Allies) GayInTularesCal: oj we hjad this
(31:21 / All) GayInTularesCal: man we had this lol
(31:28 / All) GayInTularesCal: oj is fucking dumb I told him 50 fucking times attack teal expo
(31:30 / All) fumbler: GG